 Dungeon Crawl Stone Soup version 0.21.1-1-g345015fe64 (webtiles) character file.

539 PikkenKukken the Skirmisher (level 7, 0/44 HPs)
             Began as a Gargoyle Fighter on June 7, 2018.
             Slain by zorgos's ghost (3 damage)
             ... on level 4 of the Dungeon.
             The game lasted 00:10:41 (4263 turns).

PikkenKukken the Skirmisher (Gargoyle Fighter)      Turns: 4263, Time: 00:10:41

Health: 0/44       AC: 12    Str: 20    XL:     7   Next: 26%
Magic:  11/11      EV:  8    Int:  9    God:
Gold:   73         SH:  9    Dex: 10    Spells: 11/11 levels left

rFire    . . .     SeeInvis .   a - +1 flail
rCold    . . .     Gourm    .   c - +0 shield
rNeg     + . .     Faith    .   b - +0 scale mail
rPois    ∞         Spirit   .   (no helmet)
rElec    +         Reflect  .   (no cloak)
rCorr    .         Harm     .   (no gloves)
MR       .....                  (no boots)
Stlth    ..........             (no amulet)
HPRegen  0.14/turn              (no ring)
MPRegen  0.12/turn              (no ring)

@: no status effects
A: negative energy resistance 1, electricity resistance, unbreathing,
petrification resistance, rot immunity, AC +4
a: no special abilities


You were on level 4 of the Dungeon.
You were not hungry.

You visited 1 branch of the dungeon, and saw 4 of its levels.

You collected 73 gold pieces.

Inventory:

Hand Weapons
 a - a +1 flail (weapon)
Armour
 b - a +0 scale mail (worn)
 c - a +0 shield (worn)
Scrolls
 e - 3 scrolls of remove curse
Comestibles
 f - 3 rations


   Skills:
 + Level 4.6 Fighting
 + Level 4.1 Maces & Flails
 + Level 4.6 Armour
 + Level 1.0 Dodging
 + Level 0.3 Stealth
 + Level 4.6 Shields
 * Level 2.7 Spellcasting


You had 11 spell levels left.
You didn't know any spells.

Dungeon Overview and Level Annotations

Branches:
Dungeon (4/15)
 Temple: D:4-7

Altars:
Gozag
Xom

Annotations:
D:4 zorgos's ghost, amateur MiGl


Innate Abilities, Weirdness & Mutations

You are resistant to torment.
Your stone body is resilient. (AC +4)
You are immune to poison.
You resist negative energy. (rN+)
You are resistant to electric shocks. (rElec)
You can survive without breathing.
You are immune to petrification.
You are immune to rotting.


Message History

Zorgos's ghost hits you! Zorgos's ghost hits you.
You are too injured to fight recklessly!
You are too injured to fight recklessly!
You are too injured to fight recklessly!
You are too injured to fight recklessly!
You are too injured to fight recklessly!
You are too injured to fight recklessly!
You are too injured to fight recklessly!
You closely miss zorgos's ghost.
Zorgos's ghost is heavily damaged.
Zorgos's ghost hits you but does no damage.
You thump zorgos's ghost!
Zorgos's ghost is severely damaged.
Zorgos's ghost hits you!
* * * LOW HITPOINT WARNING * * *
You miss zorgos's ghost.
Zorgos's ghost is severely damaged.
You block zorgos's ghost's attack. Zorgos's ghost hits you.
You die...

. .. ..
#######.###
..###..........
#..............
#..@.......
###W########
###...#
##...#.#
#######..###.#
.#............#
.........######
.......W##
........###


You could see zorgos's ghost.

Vanquished Creatures
  The ghost of raetorn the Grasshopper, an amateur GnWr (D:3)
  A centaur (D:3)
  An orc priest (D:3)
  A centaur skeleton (D:2)
  An orc wizard (D:2)
  A worker ant (D:3)
  3 gnolls (D:2)
  7 adders
  5 oozes
  2 worms (D:2)
  4 dart slugs
  4 leopard geckos
  11 orcs
  6 bats
  2 giant cockroaches
  10 goblins
  5 hobgoblins
  3 jackals
  9 kobolds
  A quokka (D:2)
  A ball python (D:2)
  2 frilled lizards (D:2)
  7 rats
88 creatures vanquished.

Notes
Turn   | Place    | Note
-------+----------+-------------------------------------------
     0 | D:1      | PikkenKukken the Gargoyle Fighter began the quest for the Orb.
     0 | D:1      | Reached XP level 1. HP: 14/14 MP: 1/1
    47 | D:1      | Reached XP level 2. HP: 9/19 MP: 2/2
   520 | D:1      | Reached XP level 3. HP: 23/24 MP: 3/3
  1059 | D:2      | Reached XP level 4. HP: 28/29 MP: 5/5
  1084 | D:2      | Found a shimmering altar of Xom.
  1090 | D:2      | Reached skill level 1 in Spellcasting
  1819 | D:2      | Reached XP level 5. HP: 26/33 MP: 7/7
  2110 | D:3      | Noticed raetorn's ghost (amateur GnWr)
  2717 | D:2      | Reached XP level 6. HP: 32/38 MP: 8/8
  2776 | D:3      | Found an opulent altar of Gozag.
  3677 | D:3      | Killed raetorn's ghost
  4025 | D:3      | Reached skill level 1 in Dodging
  4025 | D:3      | Reached XP level 7. HP: 44/44 MP: 9/11
  4132 | D:4      | Noticed zorgos's ghost (amateur MiGl)
  4263 | D:4      | Slain by zorgos's ghost

Skill      XL: |  1  2  3  4  5  6 |
---------------+-------------------+-----
Spellcasting   | 1 2 |  2.7
Fighting       | 4 |  4.6
Maces & Flails | 3 4 |  4.1
Shields        | 4 |  4.6
Armour         | 4 |  4.6
Dodging        | 1 |  1.0
Stealth        | |  0.3

Action                   |  1- 3 |  4- 6 |  7- 9 || total
-------------------------+-------+-------+-------++-------
Melee: Flail             |    95 |   298 |    48 ||   441
  Use: Scroll            |     3 |     2 |       ||     5
       Potion            |     1 |     3 |       ||     4
  Eat: Chunk             |     1 |     4 |       ||     5
       Ration            |       |     2 |       ||     2
Armor: Scale mail        |    47 |   188 |    24 ||   259
Dodge: Dodged            |    30 |    94 |    14 ||   138
Block: Shield            |    59 |   157 |    30 ||   246
